 Dungeon Crawl Stone Soup version 0.22.0-49-gab54619674 (webtiles) character file.

23 Darkell the Chiller (level 2, 0/19 HPs)
             Began as a Demonspawn Ice Elementalist on Sept 8, 2018.
             Slain by a centaur skeleton (3 damage)
             ... on level 2 of the Dungeon.
             The game lasted 00:01:14 (1127 turns).

Darkell the Chiller (Demonspawn Ice Elementalist)   Turns: 1127, Time: 00:01:14

Health: 0/19       AC:  5    Str:  8    XL:     2   Next: 72%
Magic:  5/5        EV: 12    Int: 16    God:
Gold:   25         SH:  0    Dex: 13    Spells: 4/5 levels left

rFire    + . .     SeeInvis .   (no weapon)
rCold    . . .     Gourm    .   (no shield)
rNeg     . . .     Faith    .   a - +0 robe
rPois    .         Spirit   .   j - +2 hat
rElec    .         Reflect  .   (no cloak)
rCorr    .         Harm     .   (no gloves)
MR       .....                  k - +0 pair of boots
Stlth    ++........             (no amulet)
HPRegen  0.06/turn              d - ring of flight
MPRegen  0.09/turn              (no ring)

@: no status effects
A: fire resistance 1
a: Evoke Flight


You were on level 2 of the Dungeon.
You were not hungry.

You visited 1 branch of the dungeon, and saw 2 of its levels.

You collected 25 gold pieces.

Inventory:

Armour
 a - a +0 robe (worn)
 j - a +2 hat (worn)
 k - a +0 pair of boots (worn)
Jewellery
 d - a ring of flight (left hand)
Scrolls
 e - a scroll of identify {unknown}
 f - 2 scrolls of magic mapping {unknown}
Potions
 b - a potion of degeneration {unknown}
 g - a potion of curing {unknown}
 h - 2 potions of brilliance {unknown}
 i - a potion of agility {unknown}
Comestibles
 c - 2 rations
 l - a chunk of flesh


   Skills:
 - Level 1.7 Dodging
 - Level 1.7 Stealth
 - Level 2.0 Spellcasting
   Level 1.0 Conjurations
 + Level 3.7 Ice Magic


You had 4 spell levels left.
You knew the following spells:

 Your Spells              Type           Power        Failure   Level  Hunger
a - Freeze                Ice            ##..         4%          1    #......

Your spell library contained the following spells:

 Spells                   Type           Power        Failure   Level  Hunger
 Throw Frost              Conj/Ice       #.....       12%         2    ###....
 Ozocubu's Armour         Chrm/Ice       #.......     28%         3    ###....
 Throw Icicle             Conj/Ice       #.......     61%         4    #####..
 Summon Ice Beast         Ice/Summ       #.......     67%         4    #####..


Dungeon Overview and Level Annotations

Branches:
Dungeon (2/15)

Altars:
The Shining One


Innate Abilities, Weirdness & Mutations

Your flesh is heat resistant. (rF+)


Message History

The centaur skeleton barely misses you.
You hit the centaur skeleton but do no damage.
The centaur skeleton is lightly damaged.
The centaur skeleton barely misses you.
The centaur skeleton closely misses you.
You hit the centaur skeleton.
The centaur skeleton is lightly damaged.
The centaur skeleton hits you.
You are too injured to fight recklessly!
You are too injured to fight recklessly!
You are too injured to fight recklessly!
You are too injured to fight recklessly!
You hit the centaur skeleton but do no damage.
The centaur skeleton is lightly damaged.
The centaur skeleton hits you.
* * * LOW HITPOINT WARNING * * *
You hit the centaur skeleton.
The centaur skeleton is lightly damaged.
The centaur skeleton hits you.
You die...

#.....# #.
#.....#####
######.
#..........
#......
####.......
#......
#......(
#......
#.#..#.#
.......####
#....#..
#......Z..#
....##.#..
#.@..#
.......#..
#....####...
##..#
####...........
...##
#......#####.
#..# #......#
...# #...<..#
..# # #......#
#. #......# .#
.......... ..


You could see a centaur skeleton.

Vanquished Creatures
  An ooze (D:1)
  2 leopard geckos (D:1)
  A ball python (D:1)
  2 goblins (D:1)
  2 hobgoblins (D:1)
  A quokka (D:2)
  3 bats (D:1)
  A frilled lizard (D:1)
  A kobold (D:2)
  A rat (D:1)
15 creatures vanquished.

Notes
Turn   | Place    | Note
-------+----------+-------------------------------------------
     0 | D:1      | Darkell the Demonspawn Ice Elementalist began the quest for
                  | the Orb.
     0 | D:1      | Reached XP level 1. HP: 13/13 MP: 3/3
   129 | D:1      | You fall through a shaft!
   140 | D:2      | Reached skill level 3 in Ice Magic
   145 | D:2      | Found a glowing golden altar of the Shining One.
   332 | D:1      | Gained mutation: Your flesh is heat resistant. (rF+)
                  | [demonic ancestry]
   332 | D:1      | Reached XP level 2. HP: 7/19 MP: 0/5
  1127 | D:2      | Slain by a centaur skeleton

Skill      XL: |  1 |
---------------+----+-----
Ice Magic      | 3 |  3.7
Dodging        | |  1.7
Stealth        | |  1.7
Spellcasting   | |  2.0
Conjurations   | |  1.0

Action                   || total
-------------------------++-------
Melee: Unarmed           ||    17
 Cast: Freeze            ||    26
 Stab: Sleeping          ||     2
  Eat: Chunk             ||     1
Armor: Robe              ||    10
Dodge: Dodged            ||    25
